[Event "FIDE Open World Rapid 2024"]
[Site "New York"]
[Date "2024.12.27"]
[Round "9.44"]
[White "Lenderman, Aleksandr"]
[Black "Le, Tuan Minh"]
[Result "1-0"]
[ECO "D45"]
[WhiteElo "2480"]
[BlackElo "2598"]
[Annotator "ChessBase"]
[PlyCount "81"]
[EventDate "2024.12.14"]
[EventType "swiss"]
[EventCountry "USA"]
[SourceTitle "playchess.com"]
[Source "ChessBase"]
[SourceQuality "1"]
[TimeControl "900+10"]

1. Nf3 d5 2. e3 Nf6 3. c4 c6 4. Nc3 a6 5. Qc2 e6 6. d4 c5 7. cxd5 exd5 8. Be2 Nc6 9. O-O Be6 10. Rd1 c4 11. Ng5 Nb4 12. Qb1 Qd7 13. Nxe6 fxe6 14. e4 g6 15. Bg5 Bg7 16. Bxf6 Bxf6 17. Bg4 h5 18. Bf3 O-O-O 19. exd5 exd5 20. b3 Nd3 21. Nxd5 Bxd4 22. bxc4 Bxf2+ 23. Kf1 Ba7 24. Rxd3 Qd6 25. Nf4 Qe7 26. Nxg6 Qc7 27. Nxh8 Rxd3 28. Qxd3 Qc5 29. Bxb7+ Kc7 30. Qh7+ Kb6 31. Bf3 Qxc4+ 32. Ke1 Qc3+ 33. Ke2 Qb2+ 34. Kd3 Qa3+ 35. Ke4 Qa4+ 36. Kf5 Qc2+ 37. Be4 Qc5+ 38. Ke6 Qc4+ 39. Bd5 Qd4 40. Rb1+ Ka5 41. Qc7+ 1-0

[Event "FIDE Open World Rapid 2024"]
[Site "New York"]
[Date "2024.12.27"]
[Round "9.45"]
[White "Suleymenov, Alisher"]
[Black "Niemann, Hans Moke"]
[Result "0-1"]
[ECO "E12"]
[WhiteElo "2500"]
[BlackElo "2734"]
[Annotator "TA"]
[PlyCount "91"]
[EventDate "2024.12.14"]
[EventType "swiss"]
[EventCountry "USA"]
[SourceTitle "playchess.com"]
[Source "ChessBase"]
[SourceQuality "1"]
[TimeControl "900+10"]

1. d4 Nf6 2. c4 e6 3. Nf3 b6 4. a3 Bb7 5. Nc3 Ne4 6. Nxe4 Bxe4 7. e3 Be7 8. Bd3 Bb7 9. e4 d6 10. O-O Nd7 11. b4 O-O 12. Bb2 c5 13. bxc5 bxc5 14. d5 Bf6 15. Rb1 Qc7 16. Qc2 Bxb2 17. Rxb2 e5 18. Nh4 g6 19. Qd2 Rab8 20. g3 Ba6 21. Rxb8 Rxb8 22. f4 (22. Qc3 $11 {keeps the balance.}) 22... exf4 $1 $17 23. gxf4 Qd8 ({Black should play} 23... Rb3 $17 24. e5 Nb6 (24... dxe5 $2 25. f5 $19) (24... Rxa3 25. e6 $16)) 24. Nf3 $11 Qf6 25. Qa5 $2 (25. Re1 $11 {and White has nothing to worry.}) 25... Rb6 $2 (25... Qxf4 $1 $19 {...Qe3+ is the strong threat.} 26. Rf2 (26. Qxa6 $2 Qe3+ 27. Kg2 Rb2+ 28. Kg3 Qxd3 $19) 26... Nf6) 26. Qa4 (26. f5 $17) 26... Nf8 (26... Bc8 $19 27. Ne1 Qd4+ 28. Kh1 Kg7) 27. Qe8 $2 (27. e5 $17 {was called for.} Qxf4 28. e6 Qe3+ (28... fxe6 29. Qe8 $11) 29. Rf2) 27... Qc3 $19 (27... Qxf4 28. Ne5 $16) 28. f5 $2 (28. Ng5 Rb7 (28... Qxd3 29. Qxf7+ Kh8 30. Qxf8#) 29. Rf3 Bxc4 (29... Qxa3 30. Bf1 $14) 30. Nxh7 Qe1+ (30... Bxd3 31. Qxf8+ Kxh7 32. Rh3#) 31. Kg2 Kxh7 (31... Bxd3 32. Qxf8+ Kxh7 33. Rh3+)) (28. Rd1) 28... Qxd3 $19 29. fxg6 hxg6 (29... Qxa3 30. Qxf7+ Kh8 31. Qxf8#) 30. Ng5 Rb7 (30... Qxc4 31. Qxf7+ Kh8 32. Qxf8#) 31. Nxf7 {[%emt 0:01:35] [#]} Qxf1+ $2 (31... Bxc4 $3 $19 {[%csl Gc4][%cal Rd3f1][%mdl 512] has better winning chances.} 32. Nh6+ Kh7 33. Rf7+ Rxf7 34. Qxf7+ Kxh6 35. Qxf8+ Kh5) 32. Kxf1 $17 Rxf7+ 33. Kg1 Bxc4 34. Qd8 (34. Qb8 $17) 34... Rd7 $19 35. Qe8 Bd3 36. Kf2 c4 37. Ke3 {[%emt 0:00:03] [#]} Rh7 $1 38. Qd8 (38. e5 $142 Rh3+ (38... Rxh2 $2 {is the wrong capture.} 39. e6 $18) 39. Kd4 dxe5+ (39... Rxh2 $2 40. e6 $18) 40. Qxe5) 38... Rxh2 $19 39. Qxd6 Re2+ 40. Kd4 Rxe4+ 41. Kc3 Re2 42. Qc7 Rc2+ 43. Kd4 Bf5 44. Qxa7 c3 45. d6 $2 (45. Qe7 $17) 45... Rc1 46. d7 0-1

[Event "FIDE Open World Rapid 2024"]
[Site "New York"]
[Date "2024.12.27"]
[Round "9.46"]
[White "Safarli, Eltaj"]
[Black "Zarnicki, Pablo"]
[Result "1-0"]
[ECO "C42"]
[WhiteElo "2610"]
[BlackElo "2514"]
[Annotator "ChessBase"]
[PlyCount "115"]
[EventDate "2024.12.14"]
[EventType "swiss"]
[EventCountry "USA"]
[SourceTitle "playchess.com"]
[Source "ChessBase"]
[SourceQuality "1"]
[TimeControl "900+10"]

1. e4 e5 2. Nf3 Nf6 3. Nxe5 d6 4. Nf3 Nxe4 5. d4 d5 6. Bd3 Nc6 7. O-O Be7 8. Nbd2 Bf5 9. Re1 Nxd2 10. Qxd2 Bxd3 11. Qxd3 O-O 12. c3 Bf6 13. Bf4 Qd7 14. Re2 Rae8 15. Rae1 Rxe2 16. Rxe2 Ne7 17. Bg5 Bxg5 18. Nxg5 Ng6 19. Qe3 f6 20. Qe6+ Qxe6 21. Nxe6 Rc8 22. Nc5 b6 23. Nd3 Kf7 24. g3 Re8 25. Rc2 Ne7 26. a4 a5 27. h4 Nf5 28. Kf1 Nd6 29. b3 g6 30. Nf4 c6 31. c4 dxc4 32. bxc4 Re4 33. c5 bxc5 34. Rxc5 Rxd4 35. Rxa5 Rb4 36. Ra6 g5 37. hxg5 fxg5 38. Nd3 Rd4 39. Ne5+ Ke6 40. Nxc6 Rd2 41. Na5 Kf5 42. Nb3 Rd5 43. Ra5 Rxa5 44. Nxa5 h5 45. Nc6 Ke4 46. a5 Kd5 47. Nd8 h4 48. g4 Ke4 49. a6 Nc8 50. Kg2 Kf4 51. Kh3 Ke5 52. Nf7+ Kf4 53. Nd8 Ke5 54. Nc6+ Kf4 55. a7 Nxa7 56. Nxa7 Kf3 57. Nc6 Kxf2 58. Nd4 1-0